Map: Simulacrum LE

Players

Nitix

  • Race: Zerg Zerg
  • League: Master
  • Spawn Location: 5:00

A.I. 1 (Very Easy) - Winner!

  • Race: Zerg Zerg
  • Spawn Location: 11:00

VOD

Have the link to the VOD?

Description

Time

  • Played on: April 10, 2020, 2:45 a.m.
  • Length: 5:29
Show
View Real Time Build Order
Export as new Build Order

Nitix Zerg 

Build Orders: Hatch First 

Get SALT Encoding   

  12  0:00  Drone  
  13  0:12  Overlord  
  13  0:17  Drone  
  14  0:30  Drone x2  
  16  0:47  Hatchery  
  15  0:51  Drone  
  15  0:54  Drone  
  17  0:57  Drone  
  18  1:07  Extractor  
  17  1:13  Spawning Pool  
  17  1:15  Drone  
  17  1:19  Drone  
  18  1:27  Drone  
  19  1:38  Drone  
  20  1:49  Drone  
  21  1:59  Overlord  
  21  2:00  Queen x2, Drone  
  26  2:10  Drone x2  
  28  2:20  Drone  
  28  2:21  Drone  
  30  2:31  Drone  
  30  2:32  Drone  
  30  2:35  Queen  
  34  2:40  Lair  
  34  2:43  Overlord  
  34  2:44  Drone  
  35  2:53  Evolution Chamber  
  35  2:55  Drone x2  
  35  2:57  Roach Warren  
  35  3:06  Drone x2  
  35  3:08  Drone  
  35  3:09  Drone x2  
  40  3:14  Evolution Chamber  
  40  3:16  Overlord  
  40  3:18  Zerg Missile Weapons Level 1  
  39  3:21  Drone  
  39  3:25  Drone  
  41  3:28  Drone  
  41  3:31  Extractor  
  41  3:32  Extractor  
  40  3:36  Drone  
  40  3:37  Glial Reconstitution  
  40  3:38  Drone  
  40  3:39  Drone x3  
  45  3:45  Drone x3  
  45  3:48  Overlord  
  48  3:57  Overlord  
  48  4:02  Roach x2  
  52  4:07  Roach x3  
  58  4:18  Hatchery  
  58  4:21  Roach x2  
  61  4:24  Roach  
  61  4:25  Roach  
  61  4:28  Roach  
  67  4:32  Overlord  
  67  4:34  Overlord  
  67  4:45  Overlord x2  
  69  4:53  Roach x5  
  69  4:56  Roach  
  69  4:58  Roach  
  81  5:05  Roach  
  83  5:08  Roach x3  
Show
View Real Time Build Order
Export as new Build Order

A.I. 1 (Very Easy) Zerg - Winner!

Build Orders: Pool Only 

Get SALT Encoding   

  12  0:00  Drone  
  13  0:12  Overlord  
  13  0:16  Drone  
  14  0:35  Spawning Pool  
  13  0:36  Extractor  
  13  0:40  Drone  
  13  0:47  Drone  
  14  0:53  Overlord  
  14  1:21  Queen  
  14  1:22  Zergling x2  
  17  1:34  Roach Warren  
  17  1:36  Extractor  
  17  1:39  Drone  
  16  1:41  Zergling x2  
  16  1:46  Drone  
  18  1:59  Zergling x2  
  18  2:00  Drone  
  20  2:11  Drone  
  21  2:22  Drone  
  22  2:29  Drone  
  23  2:32  Overlord  
  23  2:36  Drone  
  24  2:43  Drone  
Tags
 
League
Master
Matchup
ZvZ
Race
Zerg
Spawn Locations
Cross Positions
Add a new tag
Caveats
  • Supply blocks, unpowered buildings, or Contaminate may cause inaccurate times.
  • Supply counts are checked every 10 seconds.